Map: Central Protocol

Players

uThermal - Winner!

  • Race: Terran Terran
  • League: Grandmaster

FireCake

  • Race: Zerg Zerg
  • League: Grandmaster

Event: Homestory Cup XII

VOD

Have the link to the VOD?

Description

Time

  • Played on: Dec. 19, 2015, 8:47 a.m.
  • Length: 11:06

All games in this series

Show
View Real Time Build Order
Export as new Build Order

uThermal Terran - Winner!

Build Orders: Reaper Expand, Bio Tank 

Get SALT Encoding   

  12  0:01  SCV  
  13  0:13  SCV  
  14  0:20  Supply Depot  
  14  0:25  SCV  
  15  0:41  SCV  
  16  0:43  Barracks  
  16  0:45  Refinery  
  16  0:53  SCV  
  17  1:05  SCV  
  18  1:17  SCV  
  19  1:30  Reaper, Orbital Command  
  20  1:41  Command Center  
  20  1:55  Supply Depot  
  20  1:59  SCV  
  20  2:03  Barracks Reactor  
  20  2:09  Refinery  
  20  2:11  SCV  
  21  2:23  SCV, Factory  
  22  2:35  SCV  
  23  2:39  Marine x2  
  25  2:47  SCV  
  26  2:52  Bunker  
  26  2:55  Orbital Command  
  26  2:57  Marine x2  
  28  2:59  SCV  
  29  3:08  Starport  
  29  3:10  Factory Tech Lab  
  29  3:11  SCV  
  30  3:19  Marine x2  
  32  3:20  SCV  
  32  3:24  SCV  
  34  3:29  Siege Tank  
  38  3:36  Supply Depot  
  38  3:39  Supply Depot  
  38  3:46  Medivac  
  38  3:49  Supply Depot  
  38  4:00  SCV x2  
  40  4:12  Siege Tank  
  40  4:13  SCV x2  
  45  4:17  Marine x2  
  45  4:19  Medivac  
  45  4:20  Supply Depot  
  48  4:25  SCV x2  
  50  4:34  Barracks  
  50  4:36  Barracks  
  50  4:37  Marine x2  
  52  4:38  SCV  
  52  4:41  SCV  
  54  4:49  Medivac  
  54  4:50  SCV  
  56  4:54  SCV  
  55  5:01  Marine x2  
  55  5:05  SCV, Barracks  
  55  5:06  Barracks  
  58  5:09  Supply Depot  
  58  5:14  Engineering Bay  
  58  5:16  SCV  
  58  5:17  SCV  
  60  5:23  Barracks Tech Lab x2  
  60  5:25  Marine  
  61  5:30  SCV, Siege Tank  
  61  5:32  Supply Depot  
  66  5:36  Refinery  
  66  5:37  Refinery  
  66  5:38  Supply Depot  
  65  5:42  Stimpack  
  65  5:48  Marine  
  66  5:51  Marine  
  66  5:54  Marine  
  66  5:55  Combat Shields, Marine x3  
  70  6:06  Marine  
  70  6:09  Marine  
  71  6:12  Marine  
  71  6:14  Marine  
  71  6:16  Marine x2  
  71  6:18  Siege Tank  
  73  6:24  Marine  
  72  6:25  Starport Reactor  
  72  6:26  SCV, Marine  
  72  6:27  SCV  
  72  6:30  Marine  
  72  6:32  Marine  
  77  6:34  Marine x2  
  77  6:37  Supply Depot  
  77  6:38  SCV  
  77  6:39  SCV, Supply Depot  
  81  6:42  Terran Infantry Weapons Level 1, Marine  
  81  6:44  Marine  
  81  6:45  Missile Turret  
  83  6:47  Missile Turret  
  83  6:48  Marine  
  85  6:56  Supply Depot, Marine  
  85  6:58  Siege Tank  
  88  7:09  Marine  
  88  7:13  Medivac  
  88  7:15  Marine x2  
  93  7:17  Marine  
  93  7:18  Marine  
  95  7:23  Marine  
  84  7:30  Siege Tank, Marine  
  84  7:35  Marine x3  
  84  7:36  Marine  
  80  7:37  Medivac  
  80  7:41  Command Center, Marine  
  80  7:43  Medivac  
  85  7:48  Marine  
  86  7:53  Marine x4  
  90  7:59  Marine  
  90  8:03  Siege Tank  
  94  8:06  Marine  
  94  8:07  Medivac  
  94  8:11  Marine x4  
  101  8:16  Medivac  
  101  8:17  Marine  
  104  8:23  Marine  
  105  8:29  Marine x3  
  108  8:35  Marine  
  108  8:36  Terran Infantry Armor Level 1  
  108  8:39  Medivac  
  108  8:40  Marine  
  109  8:41  Marine  
  109  8:44  Siege Tank  
  100  8:50  Marine x3  
  100  8:52  Marine  
  100  8:58  Marine  
  100  8:59  Marine  
  100  9:00  SCV  
  100  9:01  SCV  
  104  9:07  Marine  
  104  9:08  Supply Depot x2, Marine x2  
  107  9:10  Marine  
  107  9:13  SCV  
  107  9:16  Siege Tank, Marine  
  113  9:17  Marine  
  114  9:25  Marine x2  
  114  9:26  Marine  
  114  9:28  Marine  
  116  9:33  Marine  
  116  9:35  Marine  
  115  9:43  Marine  
  97  9:48  Siege Tank, Marine  
  97  9:50  Marine x2  
  97  9:52  Marine x2  
  102  10:05  Marine  
  102  10:06  Marine  
  104  10:08  Marine x2  
  104  10:09  Marine  
  107  10:19  Medivac  
  107  10:21  Siege Tank  
  111  10:22  Marine  
  111  10:24  Marine  
  111  10:26  Marine x2  
  111  10:27  Marine  
  113  10:31  SCV  
  113  10:32  SCV  
  115  10:40  Marine  
  115  10:42  Marine  
  117  10:43  SCV  
  117  10:44  SCV, Marine x2  
  117  10:45  Marine  
Show
View Real Time Build Order
Export as new Build Order

FireCake Zerg 

Build Orders: Roach Ravager Push, Pool First 

Get SALT Encoding   

  12  0:00  Drone  
  13  0:10  Drone  
  14  0:16  Overlord  
  14  0:23  Extractor  
  14  0:24  Drone  
  15  0:34  Drone x2  
  17  0:44  Spawning Pool  
  17  0:49  Drone  
  17  0:57  Drone  
  18  1:06  Extractor  
  17  1:13  Hatchery  
  17  1:17  Drone  
  17  1:20  Drone  
  18  1:31  Queen  
  20  1:33  Zergling x2  
  20  1:39  Drone  
  22  1:48  Overlord  
  22  2:03  Roach Warren  
  22  2:04  Drone  
  22  2:08  Queen  
  23  2:43  Roach  
  23  2:44  Roach x3  
  31  2:48  Drone x4  
  31  2:49  Drone  
  36  2:58  Overlord  
  36  3:16  Drone x3  
  36  3:18  Ravager x2  
  36  3:19  Overlord  
  41  3:22  Drone x3  
  44  3:44  Drone x4  
  48  3:52  Drone x2  
  48  3:54  Drone  
  48  3:55  Drone  
  52  4:00  Overlord  
  52  4:01  Overlord  
  52  4:11  Extractor  
  52  4:12  Lair, Hatchery, Extractor  
  49  4:20  Drone x4  
  49  4:21  Queen  
  55  4:25  Drone x4  
  55  4:28  Overlord  
  55  4:31  Ravager  
  60  4:36  Evolution Chamber  
  59  4:40  Overlord  
  59  4:42  Ravager  
  59  4:43  Overlord  
  57  4:59  Queen  
  55  5:02  Extractor  
  55  5:03  Roach x2  
  55  5:04  Drone  
  55  5:05  Drone x3  
  64  5:08  Overlord  
  64  5:14  Zerg Missile Weapons Level 1, Glial Reconstitution  
  64  5:16  Overlord  
  64  5:18  Roach x3  
  70  5:31  Queen  
  70  5:34  Roach x4  
  80  5:41  Drone  
  80  5:42  Drone x4  
  82  5:51  Roach  
  82  5:52  Roach x3  
  85  6:07  Roach x7  
  90  6:20  Roach  
  90  6:21  Roach x2  
  96  6:27  Roach x4  
  104  6:39  Roach  
  106  6:40  Overlord x4  
  106  6:41  Overlord  
  106  7:00  Drone  
  106  7:01  Drone x7  
  114  7:04  Roach x3  
  114  7:06  Queen  
  122  7:11  Ravager x4  
  122  7:12  Ravager x2  
  122  7:13  Roach x3  
  134  7:17  Roach  
  125  7:29  Roach x3  
  114  7:33  Roach x3  
  111  7:37  Roach  
  111  7:38  Ravager, Roach  
  111  7:42  Overseer  
  116  7:52  Extractor  
  116  7:53  Extractor  
  114  8:00  Drone x2  
  114  8:04  Spire  
  115  8:07  Hatchery  
  115  8:11  Zerg Missile Weapons Level 2  
  114  8:21  Overlord x3  
  114  8:25  Roach x7  
  114  8:26  Roach  
  128  8:30  Zergling x2  
  128  8:31  Queen  
  127  8:39  Roach x2  
  127  8:41  Drone  
  91  9:07  Roach x3  
  98  9:18  Ravager x4  
  101  9:29  Roach x3  
  77  9:46  Roach x2  
  75  10:09  Ravager x6  
  81  10:15  Roach x2  
  81  10:29  Roach x4  
  81  10:33  Roach  
Tags
 
Add a new tag
Caveats
  • Supply blocks, unpowered buildings, or Contaminate may cause inaccurate times.
  • Supply counts are checked every 10 seconds.